Description

The standard ZvP macro composition. Opens with Hatch-first into Roach Warren and Hydralisk Den. Aims for 66-72 drones before transitioning to army production. Uses Roach/Ravager for early-mid game defense and transitions into Hydra/Lurker for late game. The Lurker's siege range is devastating against ground-based Protoss armies.

Build Order

Get SALT Encoding   

  12  0:35  Overlord  
  16  1:25  Hatchery  2nd
  17  1:35  Spawning Pool  
  17  1:40  Extractor  
  19  2:15  Overlord  
  20  2:30  Queen x2  
  24  2:40  Zergling x4  
  26  3:05  Hatchery  3rd
  30  3:20  Lair  
  30  3:25  Overlord  
  30  3:35  Queen  3rd
  32  3:40  Overlord  
  37  4:10  Roach Warren  
  42  4:30  Extractor x2  at 2nd
  48  4:45  Overlord x2  
  50  5:00  Glial Reconstitution  roach speed
  50  5:10  Evolution Chamber, Hatchery  4th
  51  5:20  Roach x5  
  60  5:30  Overlord  
  60  5:35  Zerg Missile Weapons Level 1  
  60  5:40  Extractor  at main
  65  5:45  Overlord  
  70  5:50  Roach x5  
  70  6:00  Queen  at 4th
  75  6:20  Overseer, Overlord x2  
  80  6:45  Hydralisk Den, Evolution Chamber  2nd
  80  6:50  Extractor x2  at 3rd
  90  7:20  Grooved Spines, Zerg Ground Armor Level 1, Overlord x2  
  95  7:40  Hydralisk x7  
  109  7:41  Overlord x2  
  109  7:45  Zerg Missile Weapons Level 2, Lurker Den  
  115  8:10  Muscular Augments  
Spawning Tool Build Advisor. Get it on Overwolf

Go to:

Details

  • Created by: jeepers
  • Published on: Sep 27, 2026
  • Modified on: Oct 01, 2026
  • Patch: 5.0.16
  • Difficulty: Medium
Show
View Real Time Build Order
Export as new Build Order

Comments (0)

There are no comments. Be the first!

Create an account to comment!